 Dungeon Crawl Stone Soup version 0.28.0-53-g5a82cb258f (webtiles) character file.

Game seed: 6919803018453895049

14780 Duralumin the Arsonist (level 11, -6/74 HPs)
             Began as a Demigod Fire Elementalist on Aug 18, 2022.
             Mangled by a two-headed ogre
             ... wielding a +0 giant club
              (24 damage)
             ... on level 11 of the Dungeon on Aug 19, 2022.
             The game lasted 01:19:38 (15344 turns).

Duralumin the Arsonist (Demigod Fire Elementalist) Turns: 15344, Time: 01:19:39

Health: -6/74      AC:  6    Str:  9    XL:     11   Next: 62%
Magic:  25/29      EV: 12    Int: 35    God:
Gold:   614        SH:  0    Dex: 14    Spells: 11/29 levels left

rFire   + . .      SeeInvis .   J - +2 dagger (speed)
rCold   x . .      Faith    .   (no shield)
rNeg    . . .      Spirit   .   a - +1 robe
rPois   .          Reflect  .   c - +2 hat
rElec   .          Harm     .   g - +0 cloak
rCorr   .          Rampage  .   (no gloves)
Will    +....                   (no boots)
Stlth   ++........              s - amulet of the acrobat
HPRegen 0.22/turn               I - +6 ring of intelligence
MPRegen 0.21/turn               b - ring of fire

@: very slightly contaminated
A: high MP 1, forlorn, divine attributes, sense surroundings 1
a: no special abilities


You were on level 11 of the Dungeon.
You visited 1 branch of the dungeon, and saw 11 of its levels.
You also visited: Ossuary and Bailey.

You collected 668 gold pieces.
You spent 54 gold pieces at shops.

Inventory:

Hand Weapons
 h - a +2 whip of electrocution
 J - a +2 dagger of speed (weapon)
 O - a +0 dagger of electrocution
Missiles
 n - 36 poisoned darts
 p - 6 javelins
 U - 2 throwing nets
Armour
 a - a +1 robe (worn)
 c - a +2 hat (worn)
 d - an orb of light
 g - a +0 cloak (worn)
 j - an orb of energy
 G - an orb of mayhem
 L - a +0 robe of cold resistance
Jewellery
 b - a ring of fire (right hand)
 k - a +6 ring of dexterity
 l - a ring of poison resistance
 s - an amulet of the acrobat (around neck)
 I - a +6 ring of intelligence (left hand)
 K - a ring of positive energy
 P - a +4 ring of protection
Wands
 f - a wand of mindburst (6)
 q - a wand of digging (4)
 v - a wand of polymorph (28)
 w - a wand of iceblast (8)
 Q - a wand of acid (7)
 T - a wand of paralysis (6)
Scrolls
 e - 2 scrolls of fog
 i - 6 scrolls of teleportation
 m - 2 scrolls of enchant armour
 y - a scroll of amnesia
 D - a scroll of fear
 M - 2 scrolls of blinking
 R - a scroll of magic mapping {unknown}
 S - a scroll of noise {unknown}
Potions
 o - a potion of cancellation
 r - a potion of heal wounds
 t - 2 potions of curing
 u - 4 potions of ambrosia
 x - 5 potions of brilliance {unknown}
 z - a potion of resistance
 A - 3 potions of magic
 B - 3 potions of flight {unknown}
 C - a potion of lignification
 E - 5 potions of mutation
 F - a potion of invisibility
 H - a potion of haste {unknown}
 N - a potion of berserk rage {unknown}


   Skills:
 - Level 1.7 Dodging
 - Level 1.7 Stealth
 + Level 9.7 Spellcasting
 + Level 10.4 Conjurations
 + Level 10.8 Fire Magic


You had 11 spell levels left.
You knew the following spells:

 Your Spells              Type           Power      Damage    Failure   Level
a - Foxfire               Conj/Fire      100%       2x1d9     1%          1
b - Scorch                Fire           100%       2d10      1%          2
c - Conjure Flame         Conj/Fire      95%        6-21      1%          3
d - Inner Flame           Hex/Fire       70%        N/A       1%          3
e - Flame Wave            Conj/Fire      95%        2d16      1%          4
f - Stone Arrow           Conj/Erth      100%       3d13      1%          3
g - Blink                 Tloc           34%        N/A       3%          2

Your spell library contained the following spells:

 Spells                   Type           Power      Damage    Failure   Level
 Sandblast                Erth           34%        2d9       2%          1
 Passwall                 Tmut/Erth      14%        N/A       3%          2
 Animate Armour           Summ/Erth      34%        N/A       26%         4
 Passage of Golubria      Tloc           17%        N/A       26%         4
 Iron Shot                Conj/Erth      26%        9d6       41%         6
 Blade Hands              Tmut           8%         N/A       56%         5
 Manifold Assault         Tloc           17%        N/A       56%         5
 Silence                  Hex/Air        8%         N/A       56%         5
 Storm Form               Tmut/Air       8%         N/A       100%        7
 Lehudib's Crystal Spear  Conj/Erth      26%        10d7      100%        8


Dungeon Overview and Level Annotations

Branches:
Dungeon (11/15)            Temple (0/1) D:7             Orc (0/2) D:10
Ossuary (visited)          Bailey (visited)
   Lair: D:8-11

Shops:
D:7 [

Annotations:
D:6 3 runed translucent doors, anyiome's ghost, novice TrFi


Innate Abilities, Weirdness & Mutations

You have an increased reservoir of magic. (+10% MP)
You shall have no god before yourself.
Your divine heritage dramatically boosts your attributes as you level up.
You passively map a small area around you.


Message History

Okay, then.
Unknown command.
Unknown command.
Unknown command.
Casting: Stone Arrow (safe; 1% risk of failure)
Confirm with . or Enter, or press ? or * to list all spells.
You blink.
You feel stable enough to blink again.
Casting: Blink (safe; 3% risk of failure)
Confirm with . or Enter, or press ? or * to list all spells.
You blink.
The two-headed ogre hits you with a +0 giant club!!
The two-headed ogre hits you with a +0 giant club!
You feel stable enough to blink again.
Casting: Blink (safe; 3% risk of failure)
Confirm with . or Enter, or press ? or * to list all spells.
You blink.
Unknown command.
You feel stable enough to blink again.
Casting: Blink (safe; 3% risk of failure)
Confirm with . or Enter, or press ? or * to list all spells.
Aiming: Stone Arrow (safe; 1% risk of failure)
Press: ? - help, Shift-Dir - straight line, f/p - two-headed ogre
Aim: a two-headed ogre, wielding two +0 giant clubs (89% to hit)
The stone arrow hits the two-headed ogre!
The two-headed ogre is lightly wounded.
Casting: Stone Arrow (safe; 1% risk of failure)
Confirm with . or Enter, or press ? or * to list all spells.
You blink.
The two-headed ogre barely misses you. The two-headed ogre misses you.
You feel stable enough to blink again.
Casting: Blink (safe; 3% risk of failure)
Confirm with . or Enter, or press ? or * to list all spells.
You miscast Blink.
You are very lightly contaminated with residual magic.
Nothing appears to happen.
The two-headed ogre hits you with a +0 giant club!!
* * * LOW HITPOINT WARNING * * *
The two-headed ogre hits you with a +0 giant club!!
You die...

, , , , + ,
,, , , * ,,
, * , , , *
,* , , , * ,
* * * * ,
,,* * * , ,
, #########*
##...@O..##,
,
#.♣#####♣.#
,
#.##)..##.#
*
#.#.♣.♣.#.#
,
#.'..<..#.+,
, *
#.#.♣.♣.#.#
,,
#.##...##.#,
* ,
#.♣#####♣.#,
,,
##.......##


You could see a two-headed ogre.

Vanquished Creatures
  Harold (D:10)
  Erica (D:10)
  Nergalle (D:10)
  Pikel (D:7)
  Maurice (D:8)
  2 gargoyles
  The ghost of ILmort the Cleaver, an amateur HOFi (D:2)
  A troll (D:9)
  Grinder (D:3)
  A hornet (D:10)
  Sigmund (D:2)
  A wraith (D:9)
  A wyvern (D:10)
  A vampire (Bailey)
  18 yaks
  Menkaure (D:6)
  4 vampire mosquitoes (D:10)
  A water moccasin (D:8)
  7 orc warriors
  An ice beast (D:5)
  3 black bears
  A sky beast (D:6)
  A necrophage (D:5)
  3 ogres
  4 centaurs
  4 lemures (D:8)
  3 bullfrogs
  A kobold brigand (D:7)
  A gnoll sergeant (D:8)
  A wyvern zombie (D:7)
  14 scorpions
  17 killer bees
  21 wights
  6 vampire bats (Bailey)
  4 howler monkeys
  4 wolf zombies (Bailey)
  A bullfrog zombie (D:6)
  2 centaur zombies
  A hound (D:6)
  5 human zombies (Ossuary)
  4 bullfrog skeletons
  3 orc priests
  3 gnoll shamans (D:9)
  2 centaur skeletons (D:5)
  4 iguanas
  Ijyb (D:3)
  Terence (D:2)
  Natasha (D:2)
  13 orc wizards
  4 scorpion zombies (Ossuary)
  A killer bee zombie (D:6)
  3 mummies (Ossuary)
  8 gnolls
  2 howler monkey zombies
  11 adders
  A white imp (D:4)
  2 worms
  4 dart slugs
  5 adder simulacra (D:4)
  53 orcs
  3 bats
  7 endoplasms
  4 giant cockroaches
  9 goblins
  4 hobgoblins
  4 jackals (D:4)
  5 quokkas
  13 ball pythons
  3 frilled lizards
  A gnoll zombie (Ossuary)
  A goblin zombie (Ossuary)
  3 hobgoblin zombies (Ossuary)
  13 kobolds
  A kobold zombie (Ossuary)
  25 orc zombies
  A quokka zombie (D:5)
  7 rats
  A rat zombie (D:5)
375 creatures vanquished.

Vanquished Creatures (others)
  951 foxfires
951 creatures vanquished.

Grand Total: 1326 creatures vanquished

Notes
Turn   | Place    | Note
-------+----------+-------------------------------------------
     0 | D:1      | Duralumin the Demigod Fire Elementalist began the quest for
                  | the Orb.
     0 | D:1      | Reached XP level 1. HP: 14/14 MP: 5/5
    29 | D:1      | Reached skill level 1 in Conjurations
   381 | D:1      | Reached XP level 2. HP: 16/20 MP: 4/7
   613 | D:1      | Learned a level 2 spell: Scorch
  1165 | D:2      | Noticed Terence
  1173 | D:2      | Killed Terence
  1174 | D:2      | Reached XP level 3. HP: 26/26 MP: 2/9
  1321 | D:2      | Reached XP level 4. HP: 11/33 MP: 0/10
  1521 | D:2      | Noticed Sigmund
  1657 | D:2      | You fall into a shaft and drop 2 floors!
  1851 | D:4      | Noticed a black bear
  1857 | D:4      | Killed a black bear
  1858 | D:4      | Reached XP level 5. HP: 38/38 MP: 3/12
  2047 | D:4      | Noticed a black bear
  2052 | D:4      | Killed a black bear
  2053 | D:4      | Reached XP level 6. HP: 45/45 MP: 7/14
  2060 | D:4      | Learned a level 3 spell: Conjure Flame
  2064 | D:4      | Learned a level 3 spell: Inner Flame
  2220 | D:4      | Found a runed translucent gate.
  2220 | D:4      | Found a runed translucent gate.
  2220 | D:4      | Found a runed translucent gate.
  2322 | D:3      | Noticed Ijyb
  2327 | D:3      | Killed Ijyb
  3000 | D:3      | Noticed Grinder
  3024 | D:3      | Killed Grinder
  3025 | D:3      | Reached XP level 7. HP: 50/50 MP: 3/16
  3435 | D:2      | Noticed Natasha
  3438 | D:2      | Killed Natasha
  3594 | D:2      | Killed Sigmund
  3595 | D:2      | Reached skill level 5 in Fire Magic
  4260 | D:4      | Noticed ILmort's ghost (amateur HOFi)
  4268 | D:4      | Gained mutation: You passively map a small area around you.
                  | [potion of mutation]
  4995 | D:2      | Killed ILmort's ghost
  5146 | D:4      | Learned a level 4 spell: Flame Wave
  5153 | D:5      | Entered Level 5 of the Dungeon
  5160 | D:5      | Reached skill level 5 in Conjurations
  5166 | D:5      | Reached skill level 5 in Spellcasting
  5166 | D:5      | Reached XP level 8. HP: 42/57 MP: 2/19
  5307 | D:5      | Noticed a gargoyle
  5417 | D:5      | Found a sand-covered staircase.
  5430 | Ossuary  | Entered an ossuary
  6060 | Ossuary  | Reached XP level 9. HP: 62/62 MP: 4/22
  6578 | D:4      | Learned a level 3 spell: Stone Arrow
  6581 | D:4      | Learned a level 2 spell: Blink
  6687 | D:5      | Killed a gargoyle
  7379 | D:6      | Noticed Menkaure
  7383 | D:6      | Killed Menkaure
  7775 | D:6      | Found a runed translucent gate.
  7775 | D:6      | Found a runed translucent gate.
  7777 | D:6      | Found a runed translucent gate.
  7778 | D:6      | Noticed anyiome's ghost (novice TrFi)
  8559 | D:7      | Found a flagged portal.
  8580 | Bailey   | Entered a bailey
  9151 | Bailey   | Noticed a gargoyle
  9188 | Bailey   | Killed a gargoyle
  9189 | Bailey   | Reached XP level 10. HP: 53/69 MP: 16/25
  9952 | D:7      | Found a staircase to the Ecumenical Temple.
 10052 | D:7      | Found Vicus's Armour Emporium.
 10055 | D:7      | Bought a +0 cloak for 54 gold pieces
 10632 | D:8      | Noticed Pikel
 10762 | D:7      | Killed Pikel
 11117 | D:8      | Noticed Maurice
 11682 | D:8      | Killed Maurice
 12858 | D:9      | Reached XP level 11. HP: 74/74 MP: 18/28
 13210 | D:10     | Entered Level 10 of the Dungeon
 13210 | D:10     | Found a staircase to the Orcish Mines.
 13214 | D:10     | Reached skill level 10 in Fire Magic
 13384 | D:10     | Noticed Harold
 13513 | D:10     | Noticed Nergalle
 13521 | D:10     | Killed Nergalle
 13868 | D:10     | Noticed Erica
 13901 | D:10     | Reached skill level 10 in Conjurations
 13901 | D:10     | Killed Erica
 14793 | D:10     | Killed Harold
 15187 | D:11     | Noticed a two-headed ogre
 15344 | D:11     | Mangled by a two-headed ogre

Illustrated notes

Levels and vault maps discovered:
D:1:      lightli_arrival_maybe_door_vault, layout_loops_ring,
          minmay_misc_feat_room
D:2:      layout_rooms, serial_curves, eino_curves_02, eino_curves_04,
          eino_curves_01, hellmonk_ecumenical_altar_zigzags, uniq_natasha,
          uniq_terence, uniq_sigmund
D:3:      layout_basic, uniq_ijyb, uniq_grinder
D:4:      layout_basic, nicolae_overflow_hidden_temple,
          nicolae_vehumet_altar_sigil, gammafunk_ghost_icy
D:5:      layout_cave_pools, nicolae_uskayaw_suspiria, lemuel_doored_altar,
          enter_ossuary_4, st_stairs_1
D:6:      layout_loops_ring, overflow_temple_1_default,
          gammafunk_ghost_nasty_kobolds, kennysheep_generic_room_11,
          uniq_menkaure
D:7:      layout_basic, minmay_temple_entry_junction, serial_rivers,
          chequers_serial_rivers_micro_c, chequers_serial_rivers_marsh,
          chequers_serial_rivers_room_b, chequers_serial_rivers_micro_b,
          chequers_serial_rivers_micro_c, serial_shops, kennysheep_mini,
          enter_bailey_5
D:8:      layout_basic, special_room [special_room_orc], uniq_maurice,
          uniq_pikel
D:9:      kennysheep_blocky_hall, layout_rooms,
          grunt_temple_overflow_cloverleaf, serial_glass, glass_columns_c,
          glass_columns_a
D:10:     layout_gridville, nicolae_overflow_quartered_altars, orc_0_dummy,
          grunt_ministairs_7, nicolae_twisting_strands, uniq_harold,
          uniq_nergalle, uniq_erica
D:11:     layout_gridville, lair_entry_dummy, grunt_ministairs_11, slow_altar_1

Skill      XL: |  1  2  3  4  5  6  7  8  9 10 11 |
---------------+----------------------------------+-----
Conjurations   | 1 2 3 4 5 6 8 9 10 | 10.4
Spellcasting   | 2 3 4 5 6 7 8 9 |  9.7
Fire Magic     | 3 4 5 7 8 9 10 | 10.8
Dodging        | |  1.7
Stealth        | |  1.7

Action                   |  1- 3 |  4- 6 |  7- 9 | 10-12 || total
-------------------------+-------+-------+-------+-------++-------
Melee: Unarmed           |     7 |       |       |       ||     7
       Dagger            |    13 |     1 |     9 |     7 ||    30
 Cast: Foxfire           |    53 |    83 |   213 |   265 ||   614
       Scorch            |     2 |    18 |   108 |   115 ||   243
       Conjure Flame     |       |       |     3 |     1 ||     4
       Flame Wave        |       |       |    10 |    20 ||    30
       Stone Arrow       |       |       |     8 |    15 ||    23
       Blink             |       |       |       |     6 ||     6
  Use: Potion            |     4 |       |     1 |     2 ||     7
       Scroll            |       |     3 |     8 |     5 ||    16
 Stab: Invisible         |     1 |       |       |       ||     1
Armor: Robe              |     1 |     4 |    14 |    18 ||    37
       Skin              |     6 |       |       |       ||     6
Dodge: Dodged            |    17 |     6 |    61 |    77 ||   161
